 Dungeon Crawl Stone Soup version 0.22.0-49-gab54619 (webtiles) character file.

171 Erlindor the Grave Robber (level 5, -12/31 (38) HPs)
             Began as a Ghoul Necromancer on Sept 8, 2018.
             Was an Initiate of Ru.
             Mangled by Crazy Yiuf
             ... wielding a +3 quarterstaff of chaos
              (14 damage)
             ... while paralysed by Crazy Yiuf
             ... on level 4 of the Dungeon.
             The game lasted 00:13:03 (4622 turns).

Erlindor the Grave Robber (Ghoul Necromancer)       Turns: 4622, Time: 00:13:04

HP:   -12/31 (38)   AC:  2    Str: 12    XL:     5   Next: 51%
MP:   14/17         EV:  2    Int: 11    God:    Ru [......]
Gold: 168           SH:  0    Dex:  9    Spells: 2/10 levels left

rFire    . . .     SeeInvis .   n - +0 spear (curse)
rCold    + + .     Gourm    .   (no shield)
rNeg     + + +     Faith    .   a - +0 robe
rPois    ∞         Spirit   .   (no helmet)
rElec    .         Reflect  .   (no cloak)
rCorr    .         Harm     .   (no gloves)
MR       .....                  (no boots)
Stlth    ++........             r - amulet of the acrobat
HPRegen  0.00/turn              s - ring of magical power
MPRegen  0.15/turn              u - ring of protection from cold

@: paralysed, rotting
A: rotting body, claws 1, carnivore, cold resistance 1, negative energy
resistance 3, inhibited regeneration, torment resistance, unbreathing
a: Renounce Religion


You were on level 4 of the Dungeon.
You worshipped Ru.
Ru was noncommittal.
You were not hungry.

You visited 1 branch of the dungeon, and saw 4 of its levels.

You collected 168 gold pieces.

Inventory:

Hand Weapons
 e - a +0 dagger
 n - a cursed +0 spear (weapon)
Missiles
 d - 72 stones (quivered)
Armour
 a - a +0 robe (worn)
Jewellery
 r - an amulet of the acrobat (around neck)
 s - a ring of magical power (left claw)
 u - a ring of protection from cold (right claw)
Wands
 l - a wand of digging (9)
 o - a wand of clouds (5)
Scrolls
 i - a scroll of magic mapping {unknown}
 k - a scroll of random uselessness {unknown}
 m - a scroll of remove curse {unknown}
 q - a scroll of blinking {unknown}
 t - a scroll of enchant armour {unknown}
Potions
 b - 2 potions of curing
 f - a potion of haste {unknown}
 g - 2 potions of flight {unknown}
 h - 2 potions of heal wounds {unknown}
 p - a potion of lignification {unknown}
Comestibles
 c - 11 rations


   Skills:
 - Level 1.7 Dodging
 - Level 2.1 Stealth
 + Level 3.2 Spellcasting
 + Level 5.6 Necromancy


You had 2 spell levels left.
You knew the following spells:

 Your Spells              Type           Power        Failure   Level  Hunger
a - Pain                  Necr           ##..         2%          1    #......
b - Animate Skeleton      Necr           N/A          2%          1    #......
c - Vampiric Draining     Necr           ##........   8%          3    ###....
d - Regeneration          Chrm/Necr      #.........   24%         3    ###....

Your spell library contained the following spells:

 Spells                   Type           Power        Failure   Level  Hunger
 Animate Dead             Necr           N/A          26%         4    #####..


Dungeon Overview and Level Annotations

Branches:
Dungeon (4/15)
 Temple: D:4-7

Altars:
Ru
Sif Muna
Uskayaw

Annotations:
D:4 Crazy Yiuf


Innate Abilities, Weirdness & Mutations

Your body is rotting away.
You thrive on raw meat.
You are immune to poison.
You have sharp fingernails.
You are carnivorous and can eat meat at any time.
Your flesh is cold resistant. (rC+)
You are immune to negative energy. (rN+++)
You do not regenerate when monsters are visible.
You are immune to unholy pain and torment.
You can survive without breathing.


Message History

Confirm with . or Enter, or press ? or * to list all spells.
Aiming: Pain (safe; 2% risk of failure)
Press: ? - help, Shift-Dir - straight line, f/p - Crazy Yiuf
Aim: Crazy Yiuf, wielding a quarterstaff of chaos and wearing a glowing cloak Crazy Yiuf writhes in agony!
Casting: Pain (safe; 2% risk of failure)
Confirm with . or Enter, or press ? or * to list all spells.
Aiming: Pain (safe; 2% risk of failure)
Press: ? - help, Shift-Dir - straight line, f/p - Crazy Yiuf
Aim: Crazy Yiuf, wielding a quarterstaff of chaos and wearing a glowing cloak Crazy Yiuf writhes in agony!
Crazy Yiuf hits you but does no damage.
You suddenly lose the ability to move!
Crazy Yiuf hits you with a quarterstaff of chaos!
You convulse.
Crazy Yiuf hits you with a quarterstaff of chaos.
Crazy Yiuf burns you.
Crazy Yiuf hits you with a quarterstaff of chaos!
* * * LOW HITPOINT WARNING * * *
You convulse!
You die...

.######....#
#.##.#
#....#
#.##.#
♣P.P.♣
#....#
♣♣.P.♣
#.#### ♣♣.♣♣
#.# ♣♣.♣ #.#
♣.♣♣ ###
♣♣.♣ ♣@♣♣
#g# ...
#...# #)..#
#####


You could see Crazy Yiuf.

Vanquished Creatures
  A worker ant (D:3)
  4 gnolls
  6 adders
  2 dart slugs
  A leopard gecko (D:1)
  7 bats
  4 giant cockroaches
  5 goblins
  6 hobgoblins
  7 jackals
  A quokka (D:2)
  5 frilled lizards
  5 kobolds
  A leopard gecko skeleton (D:4)
  3 rats
58 creatures vanquished.

Vanquished Creatures (collateral kills)
  A frilled lizard (D:2)
1 creature vanquished.

Grand Total: 59 creatures vanquished

Notes
Turn   | Place    | Note
-------+----------+-------------------------------------------
     0 | D:1      | Erlindor the Ghoul Necromancer began the quest for the Orb.
     0 | D:1      | Reached XP level 1. HP: 14/14 MP: 2/2
     9 | D:1      | Learned a level 1 spell: Animate Skeleton
   443 | D:1      | Reached XP level 2. HP: 19/19 MP: 1/3
  1297 | D:2      | Reached XP level 3. HP: 23/23 MP: 3/5
  1346 | D:2      | HP: 1/23 [adder (5)]
  1814 | D:2      | Learned a level 3 spell: Vampiric Draining
  1895 | D:2      | Found a sacrificial altar of Ru.
  1903 | D:2      | Became a worshipper of Ru the Awakened
  2074 | D:2      | Reached skill level 5 in Necromancy
  2192 | D:2      | Reached XP level 4. HP: 33/33 MP: 2/6
  3349 | D:2      | Reached XP level 5. HP: 14/36 MP: 3/8
  3716 | D:3      | Found a hide-covered altar of Uskayaw.
  4455 | D:3      | Found a deep blue altar of Sif Muna.
  4594 | D:4      | Learned a level 3 spell: Regeneration
  4612 | D:4      | Found a runed door.
  4616 | D:4      | Noticed Crazy Yiuf
  4619 | D:4      | Paralysed by Crazy Yiuf for 6 turns
  4622 | D:4      | Mangled by Crazy Yiuf

Skill      XL: |  1  2  3  4 |
---------------+-------------+-----
Spellcasting   | 2 3 |  3.2
Necromancy     | 5 |  5.6
Dodging        | |  1.7
Stealth        | |  2.1

Action                   |  1- 3 |  4- 6 || total
-------------------------+-------+-------++-------
Melee: Dagger            |    36 |    17 ||    53
       Spear             |       |     5 ||     5
Throw: Stone             |     5 |     2 ||     7
 Cast: Pain              |    58 |    69 ||   127
       Animate Skeleton  |     1 |     4 ||     5
       Vampiric Draining |       |     1 ||     1
Invok: Reject Sacrifices |       |     1 ||     1
  Use: Scroll            |       |     2 ||     2
  Eat: Chunk             |     8 |    11 ||    19
Armor: Robe              |    20 |    13 ||    33
Dodge: Dodged            |    56 |    53 ||   109
